 Dungeon Crawl Stone Soup version 0.31-a0-1529-g7bd419a0e5 (webtiles) character file.

Game seed: 15214279583407935219

464 Curundu the Chopper (level 7, -2/41 (61) HPs)
             Began as a Hill Orc Berserker on Dec 31, 2023.
             Was a Priest of Trog.
             Slain by Duvessa
             ... wielding a +2 short sword of draining
              (5 damage)
             ... on level 4 of the Dungeon on Jan 1, 2024.
             The game lasted 00:08:05 (3211 turns).

Curundu the Chopper (Hill Orc Berserker)            Turns: 3211, Time: 00:08:06

HP:   -2/41 (61)    AC:  8    Str: 22    XL:     7   Next: 8%
MP:   7/7           EV: 10    Int:  7    God:    Trog [***...]
Gold: 282           SH:  0    Dex: 10    Spells: 6/6 levels left

rFire   + . .        a - +0 hand axe
rCold   + . .        (no shield)
rNeg    . . .        o - +0 scale mail
rPois   .            (no helmet)
rElec   .            d - scarf {rC+ rF+}
rCorr   .            r - +0 pair of gloves
SInv    .            (no boots)
Will    .....        (no amulet) Stlth
                     (no ring)
HPRegen 0.26/turn    (no ring)
MPRegen 0.10/turn

%: no passive effects
@: very heavily drained
A: no striking features
a: Renounce Religion, Berserk, Trog's Hand


You were on level 4 of the Dungeon.
You worshipped Trog.
Trog was most pleased with you.
You visited 1 branch of the dungeon, and saw 4 of its levels.

You collected 282 gold pieces.

Inventory:

Hand Weapons
 a - a +0 hand axe (weapon)
 v - a +2 dagger of draining
Missiles
 k - 5 poisoned darts
Armour
 d - a scarf of resistance (worn)
 o - a +0 scale mail (worn)
 r - a +0 pair of gloves (worn)
Jewellery
 c - a ring of ice
 e - a ring of protection from cold
 n - a ring of poison resistance
Scrolls
 b - a scroll of blinking {unknown}
 f - 4 scrolls of identify {unknown}
 g - 3 scrolls of vulnerability {unknown}
 h - a scroll of enchant weapon {unknown}
 i - 2 scrolls of teleportation {unknown}
 j - a scroll of immolation {unknown}
 l - a scroll of brand weapon {unknown}
 m - a scroll of summoning {unknown}
 q - 2 scrolls of enchant armour {unknown}
 w - a scroll of revelation {unknown}
Potions
 p - 2 potions of degeneration {unknown}
 s - a potion of resistance {unknown}
 t - 3 potions of curing {unknown}
 u - a potion of lignification {unknown}
 x - a potion of cancellation {unknown}
 z - a potion of attraction {unknown}


   Skills:
 + Level 5.2 Fighting
 + Level 7.2 Axes
 + Level 4.6 Armour
 + Level 2.4 Dodging
 + Level 0.2 Stealth


You had 6 spell levels left.
You didn't know any spells.
Your spell library was empty.

Dungeon Overview and Level Annotations

Branches:
Dungeon (4/15)
 Temple: D:4-7

Altars:
Uskayaw

Shops:
D:3 =

Annotations:
D:4 Dowan, Duvessa


Message History

Duvessa is heavily wounded.
Duvessa hits you with a +2 short sword of draining!
You feel drained.
You hit Duvessa but do no damage.
Duvessa is heavily wounded.
Duvessa hits you but does no damage.
You feel drained. Duvessa hits you but does no damage.
You feel drained.
You hit Duvessa.
Duvessa is severely wounded.
You closely miss Dowan.
Duvessa hits you with a +2 short sword of draining.
* * * LOW HITPOINT WARNING * * *
You feel drained. Dowan hits you but does no damage.
You hit Duvessa.
Duvessa is severely wounded.
You hit Dowan but do no damage.
Duvessa says, "My weaknesses are his strengths!"
Duvessa hits you but does no damage.
You feel drained. Dowan hits you but does no damage.
You closely miss Duvessa.
Duvessa is severely wounded.
You hit Dowan.
Duvessa hits you with a +2 short sword of draining!
* * * LOW HITPOINT WARNING * * *
You feel drained.
* * * LOW HITPOINT WARNING * * *
Duvessa says, "My weaknesses are his strengths!"
Duvessa hits you but does no damage.
You feel drained.
Dowan says, "My weaknesses are her strengths!"
Dowan hits you but does no damage.
You completely miss Duvessa.
Duvessa is severely wounded.
You closely miss Dowan. Duvessa hits you but does no damage.
You feel drained. Dowan gestures at you while chanting.
The puff of flame misses you.
You hit Duvessa.
Duvessa is almost dead.
You barely miss Dowan.
Duvessa hits you with a +2 short sword of draining.
You die...

.............
............
...........
#.........#
#......... .##
#.......# #..#
#.......# ...
#....ee.### #.#
e..####@†..##..#
#.......# ..## ..
##.......## #...#
#... #.........## .
##....##..
.###.......^..###..
#..# .....
...................
#..###..#
##...####..........
.......# ##..#
#...........
.......# ##..##
##...........


You could see Duvessa (fast) and Dowan.

Vanquished Creatures
  A black bear (D:4)
  A centaur (D:4)
  A phantom (D:4)
  A scorpion (D:4)
  Terence (D:2)
  An iguana (D:4)
  4 adders
  4 dart slugs
  A ribbon worm (D:2)
  An orc (D:4)
  6 bats
  9 endoplasms
  2 giant cockroaches
  8 goblins
  5 hobgoblins
  4 jackals (D:4)
  3 quokkas
  12 ball pythons
  2 frilled lizards (D:1)
  3 kobolds
  6 rats
76 creatures vanquished.

Notes
Turn   | Place    | Note
-------+----------+-------------------------------------------
     0 | D:1      | Curundu the Hill Orc Berserker began the quest for the Orb.
     0 | D:1      | Reached XP level 1. HP: 19/19 MP: 1/1
   180 | D:1      | Reached XP level 2. HP: 27/27 MP: 2/2
   685 | D:1      | Reached XP level 3. HP: 33/33 MP: 3/3
   702 | D:1      | Reached ** piety under Trog
  1163 | D:2      | Noticed Terence
  1183 | D:2      | Killed Terence
  1184 | D:2      | Reached skill level 5 in Axes
  1184 | D:2      | Reached XP level 4. HP: 21/41 MP: 4/4
  1830 | D:3      | Found Eggam's Jewellery Shop.
  2050 | D:3      | Reached XP level 5. HP: 47/47 MP: 5/5
  2432 | D:4      | Noticed a black bear
  2434 | D:4      | Noticed a phantom
  2452 | D:4      | Killed a black bear
  2453 | D:4      | Reached skill level 6 in Axes
  2453 | D:4      | Reached XP level 6. HP: 10/55 MP: 6/6
  2680 | D:4      | Found a hide-covered altar of Uskayaw.
  2728 | D:4      | Reached skill level 5 in Fighting
  3000 | D:4      | Reached skill level 7 in Axes
  3000 | D:4      | Reached XP level 7. HP: 35/57 MP: 7/7
  3194 | D:4      | Reached *** piety under Trog
  3195 | D:4      | Noticed Duvessa
  3197 | D:4      | Noticed Dowan
  3211 | D:4      | Slain by Duvessa

Illustrated notes

Levels and vault maps discovered:
D:1:      minmay_arrival_three_doors, layout_loops_corners,
          minmay_misc_feat_ornament, minmay_cut_off
D:2:      layout_rooms, uniq_terence
D:3:      layout_rooms, serial_shops, shop, minmay_shallow_snake_nest
D:4:      layout_layer_cave, mainiacjoe_overflow_concentric_impassable,
          minmay_box_of_dots, uniq_duvessa

Skill      XL: |  1  2  3  4  5  6 |
---------------+-------------------+-----
Fighting       | 4 5 |  5.2
Axes           | 5 6 7 |  7.2
Armour         | 3 4 |  4.6
Dodging        | 2 |  2.4
Stealth        | |  0.2

Action                     |  1- 3 |  4- 6 |  7- 9 || total
---------------------------+-------+-------+-------++-------
  Melee: Hand axe          |   123 |   146 |    22 ||   291
         Punch             |     1 |     1 |       ||     2
 Invoke: Trog's Hand       |     1 |     1 |       ||     2
 Armour: Animal skin       |    11 |       |       ||    11
         Ring mail         |    65 |    22 |       ||    87
         Scale mail        |       |   124 |    32 ||   156
  Dodge: Dodged            |    80 |    99 |    11 ||   190

Table legend: (Time is in decaauts)
 A = Elapsed time spent in this place.
 B = Non-inter-level travel time spent in this place.
 C = Inter-level travel time spent in this place.
 D = Time resting spent in this place.
 E = Time spent auto-exploring this place.
 F = Levels seen in this place.
 G = Mean time per level.
                   A        B        C        D        E       F      G
               +--------+--------+--------+--------+--------+-----+--------+
         Total |   3218 |   3218 |      0 |      0 |   2399 |   4 |  804.5 |
       Dungeon |   3218 |   3218 |      0 |      0 |   2399 |   4 |  804.5 |
               +--------+--------+--------+--------+--------+-----+--------+

Top non-repeatable levels by time:
     D:1: 1170 daAuts
     D:4: 979 daAuts
     D:2: 651 daAuts
     D:3: 416 daAuts
